Cogmind - Beta 15 *** ADVENTURER MODE // 2025.06.06 @ 22:00:03 Player: triibiis Result: Destroyed by YI-UF0 with YI-UF0's Doublenader Performance ------------- Evolutions (0) 0 Regions Visited (2) 400 Robots Destroyed (1) 5 Value Destroyed (34) 34 Prototype IDs (0) 0 Alien Tech Used (0) 0 Bonus (0) 0 TOTAL SCORE: 439 Bonus ------- None Cogmind --------- Core Integrity 0/250 Matter 300/300 Energy 100/100 System Corruption 1% Temperature Cool (0) Movement Core (100) Ox1 Location -10/Mines Parts ------- > --- POWER (1) -------- (None) > --- PROPULSION (2) --- (None) > --- UTILITY (2) ------ Small Storage Unit > --- WEAPON (2) ------- (None) > --- INVENTORY (8) ---- Ion Engine Ion Engine Small Laser Small Laser Light Assault Rifle Mining Laser Peak State ------------ > --- POWER ------------ Ion Engine > --- PROPULSION ------- Wheel Compact Wheel > --- UTILITY ---------- Heat Sink Small Storage Unit > --- WEAPON ----------- Medium Laser Makeshift Shrapnel Gun > --- INVENTORY -------- Ion Engine Light Ion Engine Light Treads Light Treads Small Laser Small Laser Light Assault Rifle Mining Laser [Rating: 10] Favorites ----------- Power Ion Engine Engine Ion Engine Propulsion Wheel Leg Aluminum Leg Wheel Wheel Utility Small Storage Unit Device Heat Sink Storage Small Storage Unit Weapon Makeshift Shrapnel Gun Energy Gun Medium Laser Ballistic Gun Makeshift Shrapnel Gun Launcher Grenade Launcher Build | -11 -10 -10 ------- Run | Yrd Mat Min Slots Evolved . | . . . Power . | . . . Propulsion . | . . . Utility . | . . . Weapon . | . . . Parts Attached 11 | 8 . 3 Power 2 | 2 . . Engine 2 | 2 . . Core . | . . . Reactor . | . . . Propulsion 3 | 3 . . Treads . | . . . Leg 1 | 1 . . Wheel 2 | 2 . . Hover . | . . . Flight . | . . . Utility 2 | 1 . 1 Device 1 | . . 1 Storage 1 | 1 . . Processor . | . . . Hackware . | . . . Protection . | . . . Artifact . | . . . Weapon 4 | 2 . 2 Energy Gun 1 | 1 . . Energy Cannon . | . . . Ballistic Gun 2 | 1 . 1 Ballistic Cannon . | . . . Launcher 1 | . . 1 Special Weapon . | . . . Impact Weapon . | . . . Slashing Weapon . | . . . Piercing Weapon . | . . . Special Melee Weapon . | . . . Unidentified Prototypes . | . . . Parts Lost 6 | . . 6 Power 1 | . . 1 Propulsion 2 | . . 2 Utility 1 | . . 1 Weapon 2 | . . 2 Highest Loss Streak 6 | . . 6 To Critical Strikes . | . . . Average Backups 5 | 3 4 6 Power 1 | . 1 2 Propulsion . | 1 2 . Utility . | . . . Weapon 2 | . 1 3 Tool/Special . | . . . Unused Backups 7 | 1 . 6 Power 1 | . . 1 Propulsion 3 | 1 . 2 Utility . | . . . Weapon 3 | . . 3 Tool/Special . | . . . Average Slot Usage (%) 94 | . 85 97 Engine 13 | . 14 13 Wheel 27 | . 28 27 Device 10 | . . 14 Storage 14 | . 14 14 Energy Gun 5 | . 14 3 Ballistic Gun 13 | . 14 13 Launcher 7 | . . 9 Peak Build Rating 10 | 6 6 10 Average Rating 7 | 5 6 9 On Entrance 4 | . 6 6 Naked Turns . | . . . Heaviest Build 16 | 13 13 16 Greatest Support 26 | 26 26 26 Greatest Overweight (x) 1 | 1 . 1 Average Overweight (x) . | . . . Largest Inventory Capacity 8 | 8 8 8 Average Capacity 7 | 7 8 8 Most Carried 8 | 7 8 8 Average Carried 5 | 3 4 6 Final Capacity 8 | 8 8 8 Final Carried 8 | 4 8 6 Class Distribution -------------------- 100% | Mutant Dominant Class ---------------- Mutant | -10/Materials Mutant | -10/Mines Resources | -11 -10 -10 ----------- Run | Yrd Mat Min Matter Collected 305 | 279 2 24 Remotely . | . . . Salvage Created 50 | . 50 . Parts 4 | . 4 . Haulers Intercepted . | . . . Recyclers Shooed 1 | 1 . . Parts Field Recycled . | . . . Retrieved Matter . | . . . Parts Self-Destructed . | . . . Prevented . | . . . Kills | -11 -10 -10 ------- Run | Yrd Mat Min Combat Hostiles Destroyed 1 | . 1 . Guns 1 | . 1 . Classes Destroyed 1 | . 1 . Grunt 1 | . 1 . Best Kill Streak 1 | . 1 . Combat Bots Only 1 | . 1 . Max Kills in Single Turn 1 | . 1 . Gunslinging . | . . . Exploded . | . . . Melee . | . . . Uniques/NPCs Destroyed . | . . . Combat | -11 -10 -10 -------- Run | Yrd Mat Min Hostile Shots Fired 41 | . 22 19 Missed 7 | . 3 4 Hits 34 | . 19 15 Projectile 34 | . 19 15 AOE 21 | . . 21 Damage Taken 693 | 9 159 525 Core 255 | . 44 211 Absorbed by Shields . | . . . Ignored by Resistances 199 | . 52 147 Core Remaining (%) 100 | 100 . . Volleys Fired 3 | . 2 1 Largest 2 | . 2 1 Hottest 70 | . 70 24 Shots Fired 5 | . 4 1 Gun 5 | . 4 1 Cannon . | . . . Launcher . | . . . Special . | . . . Kinetic 3 | . 2 1 Thermal 2 | . 2 . Explosive . | . . . Electromagnetic . | . . . Robot Hit Streak 2 | . 2 1 Robot Miss Streak 2 | . 1 2 Penetration Max . | . . . Secondary Targets . | . . . Shots Hit Robots 3 | . 2 1 Core Hits 3 | 1 2 . Critical Kills . | . . . Critical Parts Destroyed . | . . . Critical Strikes . | . . . Melee Attacks . | . . . Impact . | . . . Slashing . | . . . Piercing . | . . . Sneak Attacks . | . . . Combat Hostiles . | . . . Follow-up Attacks . | . . . Damage Inflicted 71 | 20 19 32 Guns 43 | . 19 24 Cannons . | . . . Explosions . | . . . Melee . | . . . Ramming 28 | 20 . 8 Kinetic 31 | . 7 24 Thermal 12 | . 12 . Explosive . | . . . Electromagnetic . | . . . Impact . | . . . Slashing . | . . . Piercing . | . . . Highest Corruption 1 | 1 1 1 Average Corruption 1 | 1 1 1 Corruption Purged . | . . . Corruption Blocked . | . . . Effects 4 | . 1 3 Message Errors 2 | . . 2 Heat Flow Errors 1 | . . 1 Data Loss (minor) 1 | . 1 . Overload Shots . | . . . Overflow Damage . | . . . Projectiles . | . . . Explosions . | . . . Melee . | . . . Knockbacks 1 | 1 . . Impact 1 | 1 . . Kinetic . | . . . Secondary . | . . . Self-Inflicted Damage 12 | 9 . 3 Shots . | . . . Rammed 5 | 3 . 2 Targets Rammed 5 | 3 . 2 Kicked . | . . . Crushed . | . . . Highest Temperature 211 | . 52 211 Average Temperature 70 | . 30 106 Received Heat Transfer 114 | . 114 . Siege Activations . | . . . Martial Activations . | . . . Shielding Activations . | . . . Robots Disrupted . | . . . Combat Hostiles . | . . . Robots Corrupted . | . . . Combat Hostiles . | . . . Parts Fried . | . . . Impact Corruptions . | . . . Robots Melted . | . . . Combat Hostiles . | . . . Parts Melted . | . . . Heat Transferred 37 | . 37 . Parts Sabotaged . | . . . Parts Stolen . | . . . Parts Stripped . | . . . Power Chain Reactions . | . . . Alert | -11 -10 -10 ------- Run | Yrd Mat Min Maximum Alert Level . | . . . Low Security (%) 100 | 100 100 100 Level 1 . | . . . Level 2 . | . . . Level 3 . | . . . Level 4 . | . . . Level 5 . | . . . High Security . | . . . Max Security . | . . . Peak Influence 30 | . 30 3 Initial 3 | . . 3 Average 1 | . 6 . Influence Increases 30 | . 30 . Destroy 0b10 Robot/C 20 | . 20 . Destroy Leader 10 | . 10 . Influence Decreases 30 | . 20 10 Entered New Map 7 | . . 7 Time Decay 23 | . 20 3 Squads Dispatched 1 | . 1 . Investigation 1 | . 1 . Extermination . | . . . Reinforcement . | . . . Assault . | . . . Garrison . | . . . Intercept . | . . . Searches Triggered . | . . . Construction Impeded . | . . . Haulers Reinforced . | . . . Active Scanning Responses . | . . . Cargo Convoy Interrupts . | . . . Stealth | -11 -10 -10 --------- Run | Yrd Mat Min Distress Signals . | . . . Communications Jammed . | . . . Distress Signals . | . . . Times Spotted 5 | . 3 2 Peak Tracking Total 2 | . 2 2 Tactical Retreats . | . . . Traps | -11 -10 -10 ------- Run | Yrd Mat Min Traps Triggered . | . . . Indirectly . | . . . Trap Hack Attempts . | . . . Triggered . | . . . Disarmed . | . . . Reprogrammed . | . . . Reused . | . . . Traps Extracted . | . . . Installed . | . . . Triggered . | . . . Machines | -11 -10 -10 ---------- Run | Yrd Mat Min Machines Disabled . | . . . Max in Single Turn . | . . . Machines Repaired . | . . . Machines Dismantled . | . . . Machines Sabotaged . | . . . Overloaded Fab Kills . | . . . Hacking | -11 -10 -10 --------- Run | Yrd Mat Min Machines Accessed 1 | . 1 . Terminals 1 | . 1 . Fabricators . | . . . Repair Stations . | . . . Recycling Units . | . . . Scanalyzers . | . . . Garrison Access . | . . . Total Hacks 5 | . 5 . Successful 5 | . 5 . Failed . | . . . Catastrophic . | . . . Database Lockouts . | . . . Manual . | . . . Terminals 5 | . 5 . Fabricators . | . . . Repair Stations . | . . . Recycling Units . | . . . Scanalyzers . | . . . Garrison Access . | . . . Terminal Hacks 5 | . 5 . Alert Level 4 | . 4 . Locate Traps 1 | . 1 . Fabricator Hacks . | . . . Repair Station Hacks . | . . . Recycling Unit Hacks . | . . . Scanalyzer . | . . . Garrison Access Hacks . | . . . Unauthorized Hacks . | . . . Terminals . | . . . Fabricators . | . . . Repair Stations . | . . . Recycling Units . | . . . Scanalyzers . | . . . Garrison Access . | . . . Data Cores Recovered . | . . . Used . | . . . Hacking Detections 1 | . 1 . Full Trace Events 1 | . 1 . Feedback Events . | . . . Feedback Blocked . | . . . Robot Schematics Acquired . | . . . Robots Built . | . . . Authchips . | . . . Time . | . . . Total Robot Build Rating . | . . . Part Schematics Acquired . | . . . Parts Built . | . . . Authchips . | . . . Time . | . . . Total Part Build Rating . | . . . Parts Repaired . | . . . Time . | . . . Parts Recycled . | . . . Recycled Matter . | . . . Retrieved Matter . | . . . Retrieved Components . | . . . Parts Scanalyzed . | . . . Part Schematics Acquired . | . . . Parts Damaged . | . . . Bothacking | -11 -10 -10 ------------ Run | Yrd Mat Min Used RIF Installer . | . . . Robots Hacked . | . . . Non-combat . | . . . Combat . | . . . Robot Hacks Applied . | . . . Relay Couplers Released . | . . . Fabnet Peak Effective % . | . . . Robots Rewired . | . . . Allies Hacked . | . . . Hacks Repelled . | . . . Allies | -11 -10 -10 -------- Run | Yrd Mat Min Total Allies 3 | . . 3 Largest Group 3 | . . 3 Highest-Rated Group 40 | . . 40 Highest-Rated Ally 16 | . . 16 Total Orders . | . . . Ally Attacks 1 | . . 1 Total Damage 17 | . . 17 Kills . | . . . Allies Corrupted . | . . . Allies Melted . | . . . Intel | -11 -10 -10 ------- Run | Yrd Mat Min Active Infowar (turns) . | . . . Robot Analysis Total . | . . . Derelict Logs Recovered 1 | . . 1 Drone Launches . | . . . Drone Recoveries . | . . . Exploration | -11 -10 -10 ------------- Run | Yrd Mat Min Turns Passed 643 | 89 122 432 Spaces Moved 661 | 74 125 462 Core 14 | 2 . 12 Treads . | . . . Legs 1 | 1 . . Wheels 646 | 71 125 450 Hover . | . . . Flight . | . . . Fastest Speed 50 | 50 90 90 Average Speed 90 | 91 90 90 Slowest Speed 120 | 120 90 100 Overloaded Moves . | . . . Propulsion Burnouts . | . . . Robots Hopped . | . . . Potential Cave-ins . | . . . Cave-ins Triggered . | . . . Exploration Rate (%) 31 | 4 23 67 Regions Visited 2 Branch Regions 1 Pre-discovered Areas 1 | . . 1 Known Exits Taken . | . . . Unknown Exits Taken 2 | 1 1 . Scrap Searched . | . . . Spaces Dug . | . . . Terrain Destroyed . | . . . Melee . | . . . Projectile . | . . . AOE . | . . . Terrain Rammed . | . . . Walls Destroyed . | . . . Machines Disabled . | . . . Actions | -11 -10 -10 --------- Run | Yrd Mat Min Total 697 | 92 130 475 Wait 3 | . . 3 Move 659 | 73 124 462 Hop . | . . . Pick Up 9 | 5 4 . Fast Attach 6 | 5 . 1 Attach 3 | 2 . 1 Detach . | . . . Swap 4 | 2 . 2 Drop 5 | 2 . 3 Fire 3 | . 2 1 Melee . | . . . Ram 5 | 3 . 2 Kick . | . . . Crush . | . . . Escape Stasis . | . . . Rewire . | . . . Trap . | . . . Miscellaneous . | . . . Route ------- -11/Scrapyard -10/Materials -10/Mines History --------- Turn | Location | Event 29 | -11/Scrapyard | Discovered new exit (range 15) 90 | -11/Scrapyard | Entered Materials 181 | -10/Materials | Discovered new exit (range 16) 212 | -10/Materials | Entered Mines 299 | -10/Mines | A weapon hastily lodged in a ceiling crevice suddenly fell to the ground 310 | -10/Mines | YI-UF0 nonchalantly dropped a Grenade Launcher on the ground 323 | -10/Mines | Learned location of Storage (-7) 336 | -10/Mines | Build established: Mutant 395 | -10/Mines | Assembled infested the area 529 | -10/Mines | Assisted by bots powering up and referring to "LRC-V3" 631 | -10/Mines | Core integrity fell below 50% 635 | -10/Mines | Core integrity fell below 20% 644 | -10/Mines | Destroyed by YI-UF0 with YI-UF0's Doublenader Last Messages --------------- Trooper 1b: "Hello LRC-V3. What is your command?" Slammed into T-07 Excavator. Mercenary 1a destroyed. Acquired 24 matter. The unstable cave ceiling collapses. Trooper 1b destroyed. Wheel destroyed. Trooper 1a destroyed. Grenade Launcher destroyed. Destroyed Shock Absorption System. U-05 Engineer lays Concrete. Mak. Shrapnel Gun destroyed. The unstable cave ceiling collapses. Com. Wheel destroyed. Lgt. Ion Engine destroyed. The unstable cave ceiling collapses. D-53 Grenadier destroyed. The unstable cave ceiling collapses. Heat Sink destroyed. Map ----- +----------------------------------------------------+ | ##?## ###??# #???????????????? | | ### ##????# #???????????????? | | #?????# #########???????? | | ## #?????# #???????? | | ### #### ##?????######### ######??? | | ### ##??## #??????????????# #??? | | #?# ##????# #????#####?????###### #??? | | # ##?# #?????# ###### ##?????????# #??? | | # ##??# #?????# #?????????# #??? | | # #???# #?????# #?????????# #??? | | # #???# #?????##### #?????????# #??? | | # #???# #?????#?### ########??# #??? | | # #???# #????## # # # ##?# #??? | | ##### #????# # ### #??? | | # #???# #??? | | # #######???# ##??? | | # #?????????# g ##???? | | # #?????????# # # ##????? | | # #?????????# # ##?????? | | # #?????????# ## #??????? | | # #?????????# ## ##??????? | | # #?????????# #####???????? | | # #?????????# #?????????? | | # ########### #?????????? | | # ### #?????????? | | ############# #??## @ #?????????? | | ?????????????# #?## ###?????????? | | ????????????## ### ##???????????? | | ???????????## #????????????? | | ?????####### #????????????? | | ?????# ##???????????? | | ?????# #???????????? | | ?????# ### #???????????? | | ??? ???# #???????????? | | ? """ ## #???????????? | | ???""" ##?####???????????? | | ???""" ##### ####?????????????????? | | ??? ?????# ##????????????????????? | | ?# ##??????## ###?????????????????????? | | ?##??????????#####???????????????????????? | | ?????????????????????????????????????????? | | | | | | | | | | | | | | | | | | | +----------------------------------------------------+ Best States ------------- Heat Dissipation 35 Energy Generation 10 Energy Capacity 250 Matter Stores 300 Matter Capacity 300 Sight Range 16 Terrain Scan Density 10 Resistance: KI 20 Resistance: TH 20 Resistance: EX 20 Resistance: EM 20 Resistance: I 20 Resistance: S 20 Resistance: P 20 Evasion (%) 44 Offensive Hacking 10 Item Schematics ----------------- None Robot Schematics ------------------ None Fabricated ------------ Nothing Repaired ---------- Nothing Alien Tech Used ----------------- None Achievements -------------- None Challenges ------------ None Game ------ Seed CryofiberResetThrower Manual? 0 Play Time 00:08:19 Cumulative 10.7 hours Start 2025.06.06 @ 21:03:18 End 2025.06.06 @ 22:00:03 Sessions 1 Manual Loads 0 Difficulty Adventurer Special Mode None Game No. 27 Rogue 0 Adventurer 27 Explorer 0 Win Type - Total 0 Types 0/0/0/0/0/0/0/0/0/0 Lore% 15 Gallery% 13 Achievement% 17 Wizard Run 0 Options --------- Layout 1 ASCII 0 Keyboard 0 Movement Arrows Keybinds 0 Fullscreen 1 Font 36/Smallcaps Map View 50x43 Zoom Use 0% Tactical HUD 0 Map Filters NONE Filters NONE Steam 1 RUN: b83d7415-6b02-482f-9ea8-83ae3502c62f